 Dungeon Crawl Stone Soup version 0.29-a0-870-g2c972031a6 (webtiles) character file.

Game seed: 9976320882336046382

9114 scionoferis the Frost Mage (level 11, 0/68 HPs)
             Began as a Demonspawn Ice Elementalist on July 17, 2022.
             Was a Priest of Vehumet.
             Hit by a javelin thrown by a centaur (6 damage)
             ... in a bailey.
             The game lasted 01:06:20 (11251 turns).

scionoferis the Frost Mage (DsIE)                  Turns: 11251, Time: 01:06:20

Health: 0/68       AC:  7    Str:  9    XL:     11   Next: 18%
Magic:  0/21       EV: 12    Int: 31    God:    Vehumet [***...]
Gold:   255        SH:  6    Dex: 11    Spells: 3/24 levels left

rFire   . . .      SeeInvis .   a - +6 short sword "Rent" {vorpal, Int+10}
rCold   . . .      Faith    .   (no shield)
rNeg    . . .      Spirit   +   E - +2 robe {Archmagi}
rPois   .          Reflect  .   O - +0 helmet
rElec   .          Harm     .   (no cloak)
rCorr   .          Rampage  .   p - +0 pair of gloves {Stlth+}
Will    .....      Archmagi +   l - +0 pair of boots
Stlth   +++.......              (no amulet)
HPRegen 1.01/turn               (no ring)
MPRegen 0.34/turn               (no ring)

@: no status effects
A: claws 2, large bone plates 2, magic shield, magic regeneration, demonic magic
2, clumsy 1, regeneration 1
a: Renounce Religion


You were in a bailey.
You worshipped Vehumet.
Vehumet was most pleased with you.
You visited 2 branches of the dungeon, and saw 11 of its levels.
You also visited: Bailey.

You collected 535 gold pieces.
You spent 280 gold pieces at shops.

Inventory:

Hand Weapons
 a - the +6 short sword "Rent" (weapon) {vorpal, Int+10}
   (You acquired it on level 6 of the Dungeon)

   It inflicts extra damage upon your enemies.
   Int:       It affects your intelligence (+10).
 b - a +0 shortbow
 e - a +2 vampiric dagger
 f - a +0 sling
 w - a +2 long sword of freezing
Missiles
 s - 11 poisoned darts (quivered)
 x - 2 javelins
 N - 2 throwing nets
Armour
 g - a +0 leather armour of fire resistance
 l - a +0 pair of boots (worn)
 p - a +0 pair of gloves of stealth (worn)
 E - a +2 robe of the Archmagi (worn)
 O - a +0 helmet (worn)
Wands
 t - a wand of iceblast (10)
 D - a wand of digging (6)
Scrolls
 i - 2 scrolls of amnesia {unknown}
 o - 2 scrolls of teleportation
 r - a scroll of fog {unknown}
 u - a scroll of enchant armour
 y - a scroll of brand weapon
 z - 2 scrolls of fear
 B - a scroll of poison
 M - a scroll of blinking
Potions
 d - 2 potions of brilliance {unknown}
 h - 2 potions of resistance {unknown}
 j - 2 potions of flight
 k - 2 potions of might
 m - a potion of magic
 n - a potion of ambrosia {unknown}
 q - 8 potions of curing
 A - a potion of invisibility {unknown}
 C - a potion of lignification {unknown}
 F - a potion of heal wounds
Miscellaneous
 c - a box of beasts
 v - a piece from Xom's chessboard (15/15)


   Skills:
 + Level 6.7 Short Blades
 - Level 1.7 Dodging
 - Level 4.0 Stealth
 + Level 7.2 Spellcasting
 + Level 7.5 Conjurations
 + Level 2.7 Hexes
 * Level 4.6 Transmutations
 + Level 8.3 Ice Magic
 + Level 4.0 Earth Magic


You had 3 spell levels left.
You knew the following spells:

 Your Spells              Type           Power      Damage    Failure   Level
a - Freeze                Ice            100%       1d11      1%          1
b - Frozen Ramparts       Ice            100%       1d12      1%          3
c - Ozocubu's Armour      Ice            76%        N/A       1%          3
d - Hailstorm             Conj/Ice       74%        3d15      1%          4
e - Petrify               Tmut/Erth      55%        N/A       8%          4
f - Ensorcelled Hibernat  Hex/Ice        100%       N/A       1%          2
g - Fulminant Prism       Conj/Hex       29%        3d14      1%          4

Your spell library contained the following spells:

 Spells                   Type           Power      Damage    Failure   Level
 Passwall                 Tmut/Erth      45%        N/A       1%          2
 Conjure Flame            Conj/Fire      51%        6-21      1%          3
 Inner Flame              Hex/Fire       29%        N/A       2%          3
 Necrotise                Necr           64%        1d7       4%          1
 Summon Small Mammal      Summ           64%        N/A       4%          1
 Summon Guardian Golem    Hex/Summ       29%        N/A       8%          3
 Call Canine Familiar     Summ           16%        N/A       13%         3
 Gell's Gravitas          Tloc           16%        N/A       13%         3
 Swiftness                Air            16%        N/A       13%         3
 Teleport Other           Tloc           16%        N/A       13%         3
 Vampiric Draining        Necr           16%        2d7       13%         3
 Agony                    Necr           16%        N/A       77%         5
 Dispersal                Tloc           8%         N/A       100%        6
 Necromutation            Tmut/Necr      19%        N/A       100%        8


Dungeon Overview and Level Annotations

Branches:
Dungeon (10/15)            Temple (1/1) D:6            Lair (0/6) D:8
    Orc (0/2) D:9          Bailey (1/1)

Altars:
Ashenzari
Cheibriados
Dithmenos
Fedhas
Gozag
Hepliaklqana
Kikubaaqudgha
Nemelex Xobeh
Okawaru
Qazlal
Ru
Trog
Uskayaw
Vehumet
Wu Jian
Xom

Shops:
D:5 *(   D:8 :   D:10 (

Annotations:
D:10 1 runed translucent door


Innate Abilities, Weirdness & Mutations

You have very sharp fingernails.
You are mostly covered in large bone plates. (SH +6)
When hurt, damage is shared between your health and your magic reserves.
You regenerate magic rapidly.
Spells you cast may paralyse nearby enemies.
You are clumsy. (Dex -2)
Your natural rate of healing is unusually fast.


Message History

Casting: Hailstorm (safe; 1% risk of failure)
Press: ? - help, Dir - look around, f - activate You feel a surge of power!
A cannonade of hail descends around you!
The hail pelts the centaur!
The centaur is heavily wounded.
The hail pelts the centaur!
The centaur is almost dead.
Malevolent energies surge around you.
The centaur suddenly stops moving!
The centaur hits you from afar with a +0 trident.
The centaur throws a javelin.
The javelin pierces through you.
The javelin pierces through the centaur!
The centaur dies!
Casting: Hailstorm (safe; 1% risk of failure)
Confirm with . or Enter, or press ? or * to list all spells.
Casting: Hailstorm (safe; 1% risk of failure)
Press: ? - help, Dir - look around, f - activate You feel a surge of power!
A cannonade of hail descends around you!
The hail pelts the centaur but does no damage.
The centaur is heavily wounded.
The hail pelts the centaur!
The centaur is heavily wounded.
Malevolent energies surge around you.
The centaur throws a javelin.
The javelin misses you.
The centaur throws a javelin.
The javelin closely misses you.
Casting: Hailstorm (safe; 1% risk of failure)
Confirm with . or Enter, or press ? or * to list all spells.
You don't have enough magic to cast this spell.
The centaur throws a javelin.
The javelin completely misses you.
The centaur throws a javelin.
The javelin pierces through you!
The centaur throws a javelin.
The javelin pierces through you!
The centaur throws a javelin.
The javelin pierces through you!
The centaur shouts!
You hear a shout!
The centaur throws a javelin.
The javelin pierces through you!
* * * LOW HITPOINT WARNING * * *
The centaur throws a javelin.
The javelin pierces through you!
* * * LOW HITPOINT WARNING * * *
The centaur throws a javelin.
The javelin pierces through you.
You die...

≈≈.#⌠..#≈≈≈)≈..............
.≈.##..#≈≈)≈≈....≈≈≈≈≈≈≈...
)≈≈.#..#####...≈≈≈≈≈≈≈c≈≈≈.
≈.≈.#..'...)..≈≈≈≈≈≈≈≈≈≈≈≈≈.
..≈.#..'......≈≈≈≈≈?):≈≈≈≈≈..
≈.≈.#..'..)...≈≈≈)≈≈≈≈≈≈≈≈≈..≈
.≈≈.#.)#####...≈≈≈≈≈≈≈≈≈≈≈...≈
.≈.##..#≈≈.≈≈....≈≈≈≈≈≈≈....≈≈
≈≈.#⌠..#≈≈≈)≈...@..c........≈.
≈..#)..#≈≈≈.≈≈.⌠.........⌠.≈≈.
.⌠.#...#≈≈≈≈.≈.............≈.≈
..##...#≈≈≈≈.≈≈≈.........≈≈≈.≈
###)...#≈≈≈≈≈..≈≈≈.....≈≈≈..≈≈
.......#≈≈≈≈≈≈≈..≈≈≈≈≈≈≈..≈≈≈≈
......###≈≈≈≈≈≈≈≈c...).)≈≈≈≈≈≈
.....## ##≈≈≈≈≈≈≈≈≈≈≈≈≈≈≈≈≈≈≈≈
≈≈≈≈## ##≈≈≈≈≈≈≈≈≈≈≈≈≈≈≈≈≈≈≈


You could see 3 centaurs.

Vanquished Creatures
  A two-headed ogre (D:9)
  Joseph (D:8)
  An elephant (D:8)
  A hornet (D:9)
  A troll (D:5)
  2 basilisks (D:8)
  4 yaks
  3 steam dragons
  Menkaure (D:4)
  A water moccasin (D:9)
  An acid dragon (D:8)
  15 orc warriors
  2 ice beasts (D:6)
  3 sky beasts
  3 black bears
  An ogre (D:5)
  6 centaurs
  A kobold brigand (D:7)
  Blork the orc (D:5)
  6 bullfrogs
  2 scorpions
  A gnoll sergeant (D:7)
  10 wights
  18 killer bees
  A howler monkey (D:9)
  A vampire bat (D:9)
  3 electric eels (D:9)
  2 hounds
  2 jellies (D:6)
  2 gnoll boudas (D:7)
  5 orc priests
  An iguana (D:6)
  7 orc wizards
  15 gnolls (D:7)
  7 adders
  A shadow imp (D:7)
  A white imp (D:6)
  3 worms (D:3)
  4 dart slugs
  51 orcs
  3 bats
  2 bat skeletons (D:9)
  3 bat zombies (D:9)
  9 endoplasms
  2 giant cockroaches
  10 goblins
  4 hobgoblins
  10 jackals
  3 quokkas
  5 ball pythons
  2 frilled lizards
  8 kobolds
  A kobold skeleton (D:10)
  6 rats
260 creatures vanquished.

Vanquished Creatures (others)
  A centaur (Bailey)
  3 fungi (D:8)
  7 plants
11 creatures vanquished.

Grand Total: 271 creatures vanquished

Notes
Turn   | Place    | Note
-------+----------+-------------------------------------------
     0 | D:1      | scionoferis the Demonspawn Ice Elementalist began the quest
                  | for the Orb.
     0 | D:1      | Reached XP level 1. HP: 13/13 MP: 3/3
   500 | D:1      | Gained mutation: Spells you cast may paralyse adjacent
                  | enemies. [demonic ancestry]
   500 | D:1      | Reached XP level 2. HP: 19/19 MP: 3/5
   553 | D:1      | Reached skill level 4 in Ice Magic
  1255 | D:2      | Gained mutation: You have sharp fingernails. [demonic
                  | ancestry]
  1255 | D:2      | Reached XP level 3. HP: 24/24 MP: 4/6
  1259 | D:2      | Learned a level 3 spell: Frozen Ramparts
  1560 | D:2      | Reached skill level 1 in Short Blades
  1681 | D:2      | Reached XP level 4. HP: 30/30 MP: 3/8
  1685 | D:2      | Learned a level 3 spell: Ozocubu's Armour
  2073 | D:3      | Found an iron altar of Okawaru.
  2456 | D:3      | Found a shadowy altar of Dithmenos.
  2682 | D:3      | Found a faded altar of an unknown god.
  2894 | D:3      | Found a snail-covered altar of Cheibriados.
  3151 | D:4      | Noticed Menkaure
  3161 | D:4      | Killed Menkaure
  3162 | D:4      | Reached skill level 5 in Ice Magic
  3162 | D:4      | Gained mutation: You are partially covered in large bone
                  | plates. (SH +4) [demonic ancestry]
  3162 | D:4      | Reached XP level 5. HP: 28/35 MP: 2/9
  3539 | D:4      | Gained mutation: You have very sharp fingernails. [demonic
                  | ancestry]
  3539 | D:4      | Reached XP level 6. HP: 41/41 MP: 6/11
  4034 | D:5      | Entered Level 5 of the Dungeon
  4178 | D:5      | Learned a level 4 spell: Hailstorm
  4360 | D:5      | Reached skill level 1 in Conjurations
  4430 | D:5      | Reached skill level 6 in Ice Magic
  4430 | D:5      | Gained mutation: You regenerate magic rapidly. [demonic
                  | ancestry]
  4430 | D:5      | Reached XP level 7. HP: 46/46 MP: 5/12
  4461 | D:5      | Found Sacif's Elemental Accessories.
  4463 | D:5      | Noticed a troll
  4478 | D:5      | Killed a troll
  4744 | D:5      | Noticed Blork the orc
  4809 | D:5      | Killed Blork the orc
  4953 | D:5      | Found Fuleecla's Weapon Boutique.
  4991 | D:5      | Found a stormy altar of Qazlal.
  5200 | D:6      | Noticed a yak
  5203 | D:6      | Noticed a yak
  5588 | D:6      | Gained mutation: Spells you cast may paralyse nearby
                  | enemies. [demonic ancestry]
  5588 | D:6      | Reached XP level 8. HP: 25/52 MP: 10/14
  5825 | D:6      | Found a staircase to the Ecumenical Temple.
  5863 | D:6      | Reached skill level 7 in Ice Magic
  5940 | D:6      | Gained mutation: Your spells are a little harder to cast,
                  | but a little more powerful. [potion of mutation]
  5940 | D:6      | Gained mutation: Your magical capacity is low. (-10% MP)
                  | [potion of mutation]
  5940 | D:6      | Gained mutation: You have a pair of small horns on your
                  | head. [potion of mutation]
  5962 | D:6      | Reached skill level 5 in Spellcasting
  5962 | D:6      | Reached skill level 5 in Conjurations
  6019 | Temple   | Entered the Ecumenical Temple
  6031 | Temple   | Became a worshipper of Vehumet
  6347 | D:6      | Gained mutation: When hurt, damage is shared between your
                  | health and your magic reserves. [demonic ancestry]
  6347 | D:6      | Reached XP level 9. HP: 57/57 MP: 11/15
  6856 | D:6      | Lost mutation: You have a pair of small horns on your head.
                  | [potion of mutation]
  6856 | D:6      | Lost mutation: Your magical capacity is low. (-10% MP)
                  | [potion of mutation]
  6856 | D:6      | Gained mutation: You are clumsy. (Dex -2) [potion of
                  | mutation]
  6856 | D:6      | Gained mutation: You are weak. (Str -2) [potion of
                  | mutation]
  6857 | D:6      | Lost mutation: Your spells are a little harder to cast, but
                  | a little more powerful. [potion of mutation]
  6857 | D:6      | Lost mutation: You are weak. (Str -2) [potion of mutation]
  6857 | D:6      | Gained mutation: Your natural rate of healing is unusually
                  | fast. [potion of mutation]
  6903 | D:7      | Identified a scroll of acquirement
  6907 | D:6      | Acquired the +6 short sword "Rent" {vorpal, Int+10}
  7002 | D:7      | Reached skill level 5 in Short Blades
  7214 | D:7      | Reached * piety under Vehumet
  7214 | D:7      | Offered knowledge of Magic Dart by Vehumet.
  7878 | D:7      | Got the Spellbook of the Shifting Summer
  7922 | D:7      | Reached skill level 8 in Ice Magic
  8581 | D:8      | Found Muaq's Book Shoppe.
  8597 | D:8      | Learned a level 4 spell: Petrify
  8613 | D:8      | Found a staircase to the Lair.
  8618 | D:8      | Reached ** piety under Vehumet
  8618 | D:8      | Offered knowledge of Searing Ray by Vehumet.
  8621 | D:8      | Reached XP level 10. HP: 60/63 MP: 14/19
  8623 | D:8      | Reached skill level 1 in Transmutations
  8623 | D:8      | Reached skill level 1 in Earth Magic
  8659 | D:8      | Noticed an elephant
  8666 | D:8      | Noticed Joseph
  8804 | D:8      | Killed Joseph
  9171 | D:8      | Killed an elephant
  9312 | D:8      | Bought a book of Burglary for 280 gold pieces
  9316 | D:8      | Learned a level 2 spell: Ensorcelled Hibernation
  9329 | D:8      | Upgraded the game from 0.29-a0-857-g9b1aa3ac5b to
                  | 0.29-a0-870-g2c972031a6
  9711 | D:9      | Noticed a two-headed ogre
  9802 | D:9      | Offered knowledge of Stone Arrow by Vehumet.
  9803 | D:9      | Reached skill level 1 in Hexes
  9921 | D:9      | Reached *** piety under Vehumet
  9936 | D:9      | Killed a two-headed ogre
  9986 | D:9      | Found an ancient bone altar of Kikubaaqudgha.
 10177 | D:9      | Found a staircase to the Orcish Mines.
 10336 | D:10     | Entered Level 10 of the Dungeon
 10355 | D:10     | Gained mutation: You are mostly covered in large bone
                  | plates. (SH +6) [demonic ancestry]
 10355 | D:10     | Reached XP level 11. HP: 64/68 MP: 10/21
 10372 | D:10     | Found a runed translucent door.
 10384 | D:10     | Found Geduar's Weapon Shop.
 10443 | D:10     | Found a flagged portal.
 10456 | Bailey   | Entered a bailey
 10561 | Bailey   | Offered knowledge of Fulminant Prism by Vehumet.
 10567 | Bailey   | Learned a level 4 spell: Fulminant Prism
 11251 | Bailey   | Hit by a javelin thrown by a centaur

Illustrated notes

Levels and vault maps discovered:
D:1:      dpeg_arrival_water_fire, layout_rooms
D:2:      layout_basic
D:3:      layout_loops_ring, lemuel_crystal_altar,
          mainiacjoe_overflow_small_starburst, chei_slow_surprise,
          dreamdust_ecumenical_altar_angels_and_demons, guppyfry_early_lair_pool
D:4:      layout_cave_pods, uniq_menkaure
D:5:      layout_rooms, old_standard_altar, serial_shops,
          nicolae_lakefront_shop, nicolae_elemental_shop, reono_crystal_passage,
          uniq_blork_the_orc
D:6:      layout_loops_ring, minmay_temple_entry_statues_fountains,
          dreamdust_mushroom_princess
D:7:      layout_layer_cave
D:8:      layout_cave_pools, david_lair_generic, serial_shops, shop,
          grunt_decor_one_mirror, uniq_joseph
D:9:      layout_roguey, kennysheep_vampire_church, orc_0_dummy, serial_bayou,
          serial_bayou_lake_a, serial_bayou_pond_d, serial_bayou_shore_b,
          serial_bayou_pond_c
D:10:     layout_rooms, lemuel_blue_sif_altar, dk_yredelemnul_ordeal,
          lightli_temple_of_fire, enter_bailey_3, serial_shops,
          nicolae_shop_hallway_plus
Temple:   nicolae_temple_two_arcs
Bailey:   bailey_polearm_flooded_kennysheep, bailey

Skill      XL: |  1  2  3  4  5  6  7  8  9 10 11 |
---------------+----------------------------------+-----
Ice Magic      | 4 5 6 7 8 |  8.3
Short Blades   | 1 2 3 4 5 6 |  6.7
Spellcasting   | 3 4 5 6 7 |  7.2
Conjurations   | 1 3 5 6 7 |  7.5
Stealth        | 2 4 |  4.0
Transmutations | 4 |  4.6
Earth Magic    | 3 4 |  4.0
Hexes          | 2 |  2.7
Dodging        | |  1.7

Action                   |  1- 3 |  4- 6 |  7- 9 | 10-12 || total
-------------------------+-------+-------+-------+-------++-------
Melee: Club              |    10 |       |       |       ||    10
       Dagger            |    42 |    99 |    99 |    13 ||   253
       Headbutt          |       |       |    15 |       ||    15
       Short sword       |       |       |    32 |    71 ||   103
       Punch             |       |       |     1 |     1 ||     2
 Fire: Sling             |     9 |    12 |     6 |    21 ||    48
       Shortbow          |       |       |       |   101 ||   101
Throw: Stone             |     2 |       |       |       ||     2
       Dart              |       |       |     4 |     2 ||     6
 Cast: Freeze            |    18 |       |       |       ||    18
       Frozen Ramparts   |     5 |    18 |    38 |    28 ||    89
       Ozocubu's Armour  |       |     2 |    20 |    15 ||    37
       Hailstorm         |       |       |     3 |    21 ||    24
       Petrify           |       |       |       |     6 ||     6
       Ensorcelled Hiber |       |       |       |     5 ||     5
  Use: Potion            |       |       |     5 |     5 ||    10
       Scroll            |       |       |     4 |     9 ||    13
 Stab: Sleeping          |     5 |     4 |     4 |     7 ||    20
       Paralysed         |     1 |     5 |    18 |     7 ||    31
       Petrified         |       |       |       |     7 ||     7
       Distracted        |       |       |       |     2 ||     2
Armor: Robe              |    11 |    12 |    33 |    32 ||    88
Dodge: Dodged            |    24 |    31 |    39 |    80 ||   174
Block: Other             |       |     3 |    19 |    19 ||    41

Table legend: (Time is in decaauts)
 A = Elapsed time spent in this place.
 B = Non-inter-level travel time spent in this place.
 C = Inter-level travel time spent in this place.
 D = Time resting spent in this place.
 E = Time spent auto-exploring this place.
 F = Levels seen in this place.
 G = Mean time per level.
                   A        B        C        D        E       F      G
               +--------+--------+--------+--------+--------+-----+--------+
         Total |  11291 |  10556 |    735 |    953 |   6702 |  12 |  940.9 |
       Dungeon |  10320 |   9600 |    720 |    794 |   6541 |  10 | 1032.0 |
        Temple |    125 |    110 |     15 |      0 |     97 |   1 |  125.0 |
        Bailey |    845 |    845 |      0 |    159 |     64 |   1 |  845.0 |
               +--------+--------+--------+--------+--------+-----+--------+

Top non-repeatable levels by time:
     D:7: 1738 daAuts
     D:6: 1411 daAuts
     D:1: 1221 daAuts
     D:5: 1177 daAuts
     D:4: 1159 daAuts
     D:3: 939 daAuts
     D:9: 909 daAuts
  Bailey: 845 daAuts
     D:8: 831 daAuts
     D:2: 827 daAuts
  Temple: 125 daAuts
    D:10: 104 daAuts
